 Dungeon Crawl Stone Soup version 0.32-a0-893-gf85d74f360 (webtiles) character file.

Game seed: 7250286216829345319

41864 CowFu the Severer (level 13, -1/195 HPs)
             Began as a Mountain Dwarf Fighter on Apr 3, 2024.
             Was a High Priest of the Shining One.
             Slain by a 14-headed hydra (7 damage)
             ... on level 5 of the Lair of Beasts.
             The game lasted 00:17:29 (13027 turns).

CowFu the Severer (Mountain Dwarf Fighter)         Turns: 13027, Time: 00:17:30

Health: -1/195     AC: 29    Str: 24    XL:     13   Next: 82%
Magic:  18/18      EV:  6    Int:  7    God:    the Shining One [*****.]
Gold:   1744       SH:  5    Dex: 14    Spells: 12/12 levels left

rFire   + . .        a - +8 broad axe of Zokyunot {protect, rElec rF+ Int-2 Dex+5}
rCold   + . .        c - +0 buckler
rNeg    + + .        p - +2 plate armour {rC+}
rPois   .            P - +1 hat {Will+}
rElec   +            E - +1 cloak {Stlth+}
rCorr   .            n - +0 pair of gloves
SInv    .            e - +1 pair of boots
Will    ++...        x - amulet of the acrobat Stlth
                     (no ring)
HPRegen 0.52/turn    (no ring)
MPRegen 0.16/turn

%: acrobat
@: berserking, under a protective aura, glowing, studying Axes, very quick
A: runic magic, artefact enchanting
a: Renounce Religion, Divine Shield, Cleansing Flame, Summon Divine Warrior


You were on level 5 of the Lair of Beasts.
You worshipped the Shining One.
The Shining One was extremely pleased with you.
You visited 3 branches of the dungeon, and saw 18 of its levels.
You also visited: Bailey.

You collected 2075 gold pieces.
You spent 331 gold pieces at shops.

Inventory:

Hand Weapons
 a - the +8 broad axe of Zokyunot (weapon) {protect, rElec rF+ Int-2 Dex+5}
   (You bought it in a shop on level 6 of the Dungeon)

   Int-2:     It affects your intelligence (-2).
   Dex+5:     It affects your dexterity (+5).
   rF+:       It protects you from fire.
   rElec:     It insulates you from electricity.
 b - a +4 flail
 S - a +0 war axe of venom
Missiles
 r - 6 throwing nets (quivered)
Armour
 c - a +0 buckler (worn)
 e - a +1 pair of boots (worn)
 n - a +0 pair of gloves (worn)
 p - a +2 plate armour of cold resistance (worn)
 E - a +1 cloak of stealth (worn)
 P - a +1 hat of willpower (worn)
 V - a +0 kite shield
Jewellery
 s - a ring of wizardry
 x - an amulet of the acrobat (around neck)
 A - a ring of poison resistance
 G - a ring of protection from fire
 I - a ring of magical power
 K - a ring of positive energy
 M - a ring of protection from fire
 Q - a +6 ring of dexterity
Wands
 j - a wand of mindburst (31)
 v - a wand of digging (1)
 y - a wand of polymorph (7)
 B - a wand of charming (3)
 R - a wand of quicksilver (12)
Scrolls
 f - 3 scrolls of identify
 h - 6 scrolls of teleportation
 k - a scroll of brand weapon
 m - 2 scrolls of fog
 q - 5 scrolls of immolation
 u - 4 scrolls of poison
 J - a scroll of enchant weapon {unknown}
 L - 2 scrolls of enchant armour
 N - a scroll of noise {unknown}
Potions
 d - 2 potions of might
 g - 2 potions of cancellation
 i - a potion of enlightenment
 l - 3 potions of curing
 o - 2 potions of magic
 t - 3 potions of haste
 w - a potion of ambrosia
 z - 4 potions of mutation
 C - 4 potions of brilliance
 D - 2 potions of berserk rage
 F - 2 potions of lignification
 H - 2 potions of resistance
 T - a potion of attraction {unknown}
 U - 2 potions of invisibility {unknown}
Miscellaneous
 O - a lightning rod (4/4)


   Skills:
 + Level 16.9 Fighting
 + Level 20.2 Axes
 + Level 7.3 Armour
 - Level 1.0 Stealth
 + Level 7.3 Shields
 + Level 7.0 Invocations
 + Level 5.7 Evocations


You had 12 spell levels left.
You didn't know any spells.
Your spell library contained the following spells:

 Spells                   Type           Power      Damage    Failure   Level
 Call Imp                 Summ           0%         N/A       83%         2
 Sublimation of Blood     Necr           0%         N/A       83%         2
 Inner Flame              Hex/Fire       0%         N/A       97%         3
 Sigil of Binding         Hex            0%         N/A       97%         3
 Animate Armour           Summ/Erth      0%         N/A       100%        4
 Flame Wave               Conj/Fire      0%         2d4       100%        4
 Passage of Golubria      Tloc           0%         N/A       100%        4
 Petrify                  Alch/Erth      0%         N/A       100%        4
 Sticky Flame             Fire/Alch      0%         2d4       100%        4
 Summon Lightning Spire   Summ/Air       0%         N/A       100%        4
 Irradiate                Conj/Alch      0%         3d11      100%        5
 Lee's Rapid Deconstruct  Erth           0%         3d4*      100%        5
 Silence                  Hex/Air        0%         N/A       100%        5
 Death Channel            Necr           0%         N/A       100%        6
 Sculpt Simulacrum        Ice/Alch       0%         N/A       100%        6
 Summon Hydra             Summ           0%         N/A       100%        7
 Lehudib's Crystal Spear  Conj/Erth      0%         10d2      100%        8


Dungeon Overview and Level Annotations

Branches:
Dungeon (12/15)            Temple (1/1) D:4            Lair (5/5) D:9
 Shoals (0/4) Lair:3          Orc (0/2) D:10         Bailey (visited)
  Snake: Lair:2-3    Spider: Lair:2-3     Slime: Lair:4-5

Altars:
Ashenzari
Cheibriados
Dithmenos
Elyvilon
Fedhas
Gozag
Hepliaklqana
Kikubaaqudgha
Makhleb
Nemelex Xobeh
Okawaru
Qazlal
Ru
Sif Muna
Trog
Uskayaw
Vehumet
Wu Jian
Xom
Yredelemnul
Zin
The Shining One

Shops:
D:6 *   D:9 *   D:10 (


Innate Abilities, Weirdness & Mutations

Your spellcasting is much less encumbered by armour.
You can use scrolls of enchantment on lesser artefacts.


Message History

You are too injured to fight recklessly!
A red film seems to cover your vision as you go berserk!
You feel yourself moving faster!
You feel mighty! The death yak barely misses you. The death yak gores you!
* * * LOW HITPOINT WARNING * * *
You block the 12-headed hydra's attack.
The 12-headed hydra bites you but does no damage.
You block the 12-headed hydra's attack. The 12-headed hydra barely misses you.
The 12-headed hydra bites you.
* * * LOW HITPOINT WARNING * * *
The 12-headed hydra bites you but does no damage.
The 12-headed hydra bites you.
* * * LOW HITPOINT WARNING * * *
The 12-headed hydra bites you but does no damage. x3
The 12-headed hydra bites you!
* * * LOW HITPOINT WARNING * * *
The 12-headed hydra bites you but does no damage.
You slice one of the 12-headed hydra's heads off!
The 11-headed hydra grows two more!
You slice the 13-headed hydra!!
The 13-headed hydra is moderately wounded.
You hit the death yak but do no damage. You slice the death yak!!
You slash the death yak!
You kill the death yak!
The death yak gores you but does no damage. x2
Your Invocations skill increases to level 7!
You lop one of the 13-headed hydra's heads off!
The 12-headed hydra grows two more!
You slice the 14-headed hydra!!
The 14-headed hydra is heavily wounded.
You slash the death yak! x2; You hit the death yak.
You slash the death yak!
The 14-headed hydra bites you but does no damage. x5
The 14-headed hydra bites you!
* * * LOW HITPOINT WARNING * * *
The 14-headed hydra bites you but does no damage. x2
You block the 14-headed hydra's attack. The 14-headed hydra bites you.
* * * LOW HITPOINT WARNING * * *
The 14-headed hydra bites you!
* * * LOW HITPOINT WARNING * * *
The 14-headed hydra bites you but does no damage.
The 14-headed hydra bites you!
You die...

#... ##†.............#
.....#.†.....I..†....#
......†††..#.....#.....#
....##..I..#........I..#
.. #.........I...#.....
................#.....
...#.....##.....##.....
....#....##.....# ...#
..........Y@Y?.##
......#..YDY<.PP..
....#........P...
.....#.#.....PP.. ..
#..#.......# .
..##......#. ...
..#...... ... .....P..#


You could see 4 death yaks and a 14-headed hydra.

Vanquished Creatures
  Azrael (D:12)
  Harold (D:10)
  2 hydras
  The ghost of Livid the Cleaver, a journeyman CoGl of Okawaru (D:11)
  A catoblepas (Lair:4)
  2 boulder beetles
  2 two-headed ogres
  A death yak (Lair:5)
  Urug (D:12)
  Nergalle (D:10)
  2 skysharks
  Lodul (D:12)
  A lindwurm (Lair:1)
  2 orc knights (Bailey)
  2 cyclopes (D:12)
  An oklob plant (Lair:3)
  8 centaur zombies (D:12)
  5 elephants (Lair:3)
  4 cane toads
  A rime drake (Lair:1)
  3 komodo dragons
  An unseen horror (D:11)
  3 kobold demonologists
  2 trolls
  A tarantella (Lair:1)
  2 polar bears
  A hornet (D:9)
  A jumping spider (Lair:1)
  7 blink frogs (Lair:5)
  9 dream sheep
  3 meliai zombies (D:12)
  A slime creature (D:8)
  5 wraiths
  30 yaks
  2 basilisks (Lair:1)
  3 wyverns
  A vampire (D:12)
  A warg (D:9)
  3 redbacks (Lair:1)
  2 steam dragons (D:8)
  3 fire elementals (D:12)
  An acid dragon (D:9)
  A hell hound (D:12)
  25 water moccasins
  3 sky beasts
  9 orc warriors
  An ice beast (D:5)
  11 ogres
  16 wolves
  A laughing skull (D:11)
  11 centaurs
  7 kobold brigands
  8 bullfrogs
  Blork the orc (D:5)
  3 scorpions
  A wight (D:8)
  9 killer bees
  2 electric eels (Lair:4)
  6 howler monkeys
  2 lava snakes (Lair:1)
  2 bombardier beetles (D:4)
  2 hounds (D:7)
  2 jellies
  7 orc priests
  4 iguanas
  Crazy Yiuf (D:7)
  12 orc wizards
  2 sleepcaps
  29 adders
  A shadow imp (D:5)
  A white imp (D:7)
  4 ufetubi (D:6)
  A dart slug (D:1)
  2 ribbon worms
  46 orcs
  8 ball pythons
  5 bats
  5 endoplasms
  7 giant cockroaches
  10 goblins
  4 hobgoblins
  2 jackals (D:1)
  4 quokkas
  7 frilled lizards
  28 kobolds
  8 rats
446 creatures vanquished.

Vanquished Creatures (others)
  An adder (Lair:4)
1 creature vanquished.

Grand Total: 447 creatures vanquished

Notes
Turn   | Place    | Note
-------+----------+-------------------------------------------
     0 | D:1      | CowFu the Mountain Dwarf Fighter began the quest for the
                  | Orb.
     0 | D:1      | Reached XP level 1. HP: 19/19 MP: 1/1
   302 | D:1      | Reached XP level 2. HP: 21/26 MP: 2/2
  1050 | D:2      | Reached skill level 3 in Axes
  1050 | D:2      | Reached XP level 3. HP: 23/31 MP: 3/3
  1181 | D:2      | Reached skill level 1 in Stealth
  1181 | D:2      | Reached XP level 4. HP: 33/40 MP: 4/4
  1335 | D:2      | Found the +8 demon blade "Leech" {evervamp, Harm ^Drain
                  | rN+}
  1373 | D:2      | Found an opulent altar of Gozag.
  1530 | D:2      | Found a faded altar of an unknown god.
  1539 | D:2      | Reached XP level 5. HP: 45/46 MP: 5/5
  1602 | D:2      | Reached skill level 4 in Axes
  2067 | D:3      | Noticed a +0 falchion
  2073 | D:3      | Noticed a +0 spear
  2073 | D:3      | Noticed a +0 dagger
  2074 | D:3      | Noticed a +0 short sword
  2079 | D:3      | Noticed a +0 dagger
  2410 | D:3      | Reached skill level 5 in Fighting
  2410 | D:3      | Reached skill level 5 in Axes
  2563 | D:3      | Reached XP level 6. HP: 48/56 MP: 6/6
  2653 | D:3      | Noticed a +0 falchion
  2653 | D:3      | Noticed a +0 short sword
  2654 | D:3      | Noticed a +0 spear
  2655 | D:3      | Found a hide-covered altar of Uskayaw.
  2903 | D:4      | Found a shimmering blue altar of Sif Muna.
  3206 | D:4      | Found a staircase to the Ecumenical Temple.
  3224 | D:4      | Reached skill level 6 in Axes
  3355 | Temple   | Entered the Ecumenical Temple
  3362 | Temple   | Became a worshipper of the Shining One
  3898 | D:5      | Entered Level 5 of the Dungeon
  3970 | D:5      | Identified a scroll of acquirement
  3970 | D:5      | Acquired 695 gold pieces
  3986 | D:5      | Noticed Blork the orc
  3993 | D:5      | Killed Blork the orc
  3994 | D:5      | Reached skill level 7 in Axes
  3994 | D:5      | Reached XP level 7. HP: 49/61 MP: 7/7
  4199 | D:5      | Reached skill level 8 in Axes
  4634 | D:5      | Reached skill level 9 in Axes
  4809 | D:6      | Found an iron altar of Okawaru.
  5071 | D:6      | Reached * piety under the Shining One
  5077 | D:6      | Reached skill level 10 in Axes
  5077 | D:6      | Reached XP level 8. HP: 68/68 MP: 8/8
  5141 | D:6      | Found Ydghofry's Assorted Antiques.
  5144 | D:6      | Bought a twisted broad axe for 234 gold pieces
  5144 | D:6      | Identified the +8 broad axe of Zokyunot {protect, rElec rF+
                  | Int-2 Dex+5} (You bought it in a shop on level 6 of the
                  | Dungeon)
  5144 | D:6      | Bought a black potion for 23 gold pieces
  5144 | D:6      | Bought a lumpy cyan potion for 23 gold pieces
  5312 | D:7      | Reached skill level 11 in Axes
  5402 | D:7      | Reached skill level 12 in Axes
  5437 | D:7      | Reached skill level 13 in Axes
  5437 | D:7      | Reached XP level 9. HP: 53/74 MP: 9/9
  5668 | D:7      | Found a runed translucent door.
  5669 | D:7      | Noticed Crazy Yiuf
  5726 | D:7      | Reached skill level 14 in Axes
  6239 | D:7      | Killed Crazy Yiuf
  6329 | D:8      | Reached skill level 15 in Axes
  6763 | D:8      | Reached skill level 16 in Axes
  7059 | D:9      | Found a staircase to the Lair.
  7059 | D:9      | Noticed a troll
  7063 | D:9      | Reached skill level 17 in Axes
  7070 | D:9      | Killed a troll
  7071 | D:9      | Reached XP level 10. HP: 34/81 MP: 10/10
  7079 | D:9      | Reached skill level 18 in Axes
  7386 | D:9      | Found Mipp's Assorted Antiques.
  7404 | D:9      | Bought a scroll labelled SAUFRA WAMEHUGH for 27 gold pieces
  7404 | D:9      | Bought a lumpy cyan potion for 24 gold pieces
  7687 | D:10     | Entered Level 10 of the Dungeon
  7740 | D:10     | Found a flagged portal.
  7755 | Bailey   | Entered a bailey
  7816 | Bailey   | Noticed an orc knight
  7826 | Bailey   | Noticed an orc knight
  7852 | Bailey   | Killed an orc knight
  7935 | Bailey   | Killed an orc knight
  8090 | D:10     | Found Tuepreib's Weapon Emporium.
  8092 | D:10     | Found a staircase to the Orcish Mines.
  8140 | D:10     | Reached ** piety under the Shining One
  8261 | D:11     | Noticed a rust devil
  8264 | D:11     | Reached skill level 10 in Fighting
  8335 | D:11     | Identified the serpent talisman "Suats" {rF+ Will++}
  8452 | D:11     | Found a runed translucent door.
  8452 | D:11     | Noticed Livid's ghost (journeyman CoGl)
  8505 | D:11     | Reached XP level 11. HP: 101/101 MP: 11/11
  8686 | D:11     | Killed Livid's ghost
  8908 | D:12     | Reached *** piety under the Shining One
  8970 | D:12     | Noticed Urug
  8983 | D:12     | Killed Urug
  9128 | D:12     | Identified the +8 dagger "Nopteqes" {flame, rC+ rN+ rCorr
                  | Str+3}
  9350 | D:12     | Noticed Lodul
  9352 | D:12     | Reached **** piety under the Shining One
  9355 | D:12     | Killed Lodul
  9542 | D:12     | Noticed a two-headed ogre
  9550 | D:12     | Killed a two-headed ogre
  9551 | D:12     | Reached skill level 15 in Fighting
  9551 | D:12     | Reached XP level 12. HP: 105/119 MP: 12/12
  9716 | D:12     | Noticed Azrael
  9730 | D:12     | Killed Azrael
  9893 | D:10     | Noticed Nergalle
  9911 | D:10     | Killed Nergalle
  9985 | D:10     | Noticed a two-headed ogre
  9989 | D:10     | Killed a two-headed ogre
 10112 | D:10     | Reached skill level 1 in Invocations
 10179 | D:10     | Reached skill level 1 in Evocations
 10254 | D:10     | Noticed Harold
 10266 | D:10     | Killed Harold
 10603 | Lair:1   | Entered Level 1 of the Lair of Beasts
 10719 | Lair:1   | Found a runed translucent door.
 10826 | Lair:1   | Reached skill level 5 in Shields
 10829 | Lair:1   | Reached skill level 5 in Armour
 11330 | Lair:1   | Found a runed translucent gate.
 11335 | Lair:1   | Reached skill level 19 in Axes
 11335 | Lair:1   | Noticed a boulder beetle
 11342 | Lair:1   | Found a runed translucent gate.
 11342 | Lair:1   | Found a runed translucent gate.
 11342 | Lair:1   | Found a runed translucent gate.
 11342 | Lair:1   | Found a runed translucent gate.
 11343 | Lair:1   | Found a runed translucent gate.
 11364 | Lair:1   | Killed a boulder beetle
 11398 | Lair:1   | Identified the +6 whip "Zudaur" {heavy, rPois}
 11502 | Lair:2   | You fall into a shaft and drop 1 floor!
 11508 | Lair:3   | Reached XP level 13. HP: 130/130 MP: 16/16
 11843 | Lair:3   | Reached skill level 5 in Invocations
 11992 | Lair:3   | Reached ***** piety under the Shining One
 12030 | Lair:3   | Found a staircase to the Shoals.
 12177 | Lair:4   | Reached skill level 5 in Evocations
 12842 | Lair:5   | Entered Level 5 of the Lair of Beasts
 12847 | Lair:5   | Reached skill level 20 in Axes
 13027 | Lair:5   | HP: 6/195 [14-headed hydra (10)]
 13027 | Lair:5   | Slain by a 14-headed hydra

Illustrated notes

Levels and vault maps discovered:
D:1:      giann_forest_graveyard, layout_basic
D:2:      wad_river_or_something, layout_rooms, basic_altar,
          nicolae_ecumenical_snake_handling
D:3:      cheibrodos_pilgrimage, layout_basic, nicolae_uskayaw_en_pointe
D:4:      layout_cave_pods, mainiacjoe_overflow_chevrons,
          minmay_temple_entry_glass
D:5:      layout_basic, serial_glass, glass_columns_a, glass_columns_b,
          glass_columns_a, glass_columns_b, glass_columns_b, glass_columns_b,
          lexackson_kobold_supper, uniq_blork_the_orc
D:6:      layout_gridville, okawaru_metal_pillars_1_2, serial_shops, shop,
          minmay_misc_feat_iff
D:7:      layout_loops_ring, uniq_crazy_yiuf_cottage
D:8:      layout_loops_cross, nrook_pool_corridor, minmay_manual_monolith
D:9:      layout_roguey, erik_lair_orcish_takeover, serial_shops, shop
D:10:     layout_loops_ring, orc_david_3, enter_bailey_3, evilmike_minifort,
          uniq_nergalle, uniq_harold
D:11:     layout_small_grid, ebering_ghost_inner_flame
D:12:     layout_irregular_city, serial_undead, serial_undead_c,
          serial_undead_d, serial_undead_f, serial_undead_b, serial_undead_d,
          serial_undead_d, uniq_azrael, uniq_lodul, uniq_urug
Temple:   hellmonk_temple_of_storms
Lair:1:   gammafunk_indiana_jones, layout_gridlike, serial_bayou_shore_b,
          grunt_megastairs_4
Lair:2:   layout_chaotic_city, uniq_sonja
Lair:3:   layout_roguey, minmay_shoals_entry_centaurs,
          guppyfry_snake_entry_garden, minmay_lair_oklob_items,
          chequers_serial_rivers_micro_c, infiniplex_staircase_pool,
          lemuel_fruit_fields
Lair:4:   lemuel_reptile_caves, layout_regular_city, gauntlet_entry_generic
Lair:5:   minmay_lair_end_enchanted_forest, layout_misc_corridors,
          slime_entry_1, lemuel_fruit_fields, grunt_megastairs_3

Skill      XL: |  1  2  3  4  5  6  7  8  9 10 11 12 13 |
---------------+----------------------------------------+-----
Axes           | 3 5 7 10 13 17 18 19 20 | 20.2
Stealth        | 1 |  1.0
Armour         | 4 5 7 |  7.3
Shields        | 4 5 7 |  7.3
Fighting       | 4 5 10 15 16 | 16.9
Invocations    | 4 7 |  7.0
Evocations     | 3 5 |  5.7

Action                     |  1- 3 |  4- 6 |  7- 9 | 10-12 | 13-15 || total
---------------------------+-------+-------+-------+-------+-------++-------
  Melee: War axe           |    86 |   165 |    59 |       |       ||   310
         Broad axe         |       |       |   127 |   466 |   264 ||   857
         Flail             |       |       |       |       |     6 ||     6
    Use: Scroll            |       |    10 |     3 |    12 |     1 ||    26
         Potion            |       |       |       |     2 |     2 ||     4
 Armour: Scale mail        |    80 |   137 |   112 |     8 |       ||   337
         Troll leather arm |       |       |       |    42 |       ||    42
         Plate armour      |       |       |       |   332 |   338 ||   670
  Dodge: Dodged            |    37 |    68 |    96 |   163 |    95 ||   459
  Block: Buckler           |    19 |    37 |    48 |    93 |    72 ||   269

Table legend: (Time is in decaauts)
 A = Elapsed time spent in this place.
 B = Non-inter-level travel time spent in this place.
 C = Inter-level travel time spent in this place.
 D = Time resting spent in this place.
 E = Time spent auto-exploring this place.
 F = Levels seen in this place.
 G = Mean time per level.
                   A        B        C        D        E       F      G
               +--------+--------+--------+--------+--------+-----+--------+
         Total |  12972 |  12435 |    537 |      0 |   9963 |  19 |  682.7 |
       Dungeon |  10288 |   9791 |    497 |      0 |   8184 |  12 |  857.3 |
        Temple |     17 |     11 |      6 |      0 |      0 |   1 |   17.0 |
          Lair |   2349 |   2316 |     33 |      0 |   1639 |   5 |  469.8 |
        Bailey |    316 |    316 |      0 |      0 |    139 |   1 |  316.0 |
               +--------+--------+--------+--------+--------+-----+--------+

Top non-repeatable levels by time:
     D:1: 1062 daAuts
     D:3: 1045 daAuts
    D:12: 1045 daAuts
     D:4: 1025 daAuts
     D:7: 996 daAuts
     D:5: 848 daAuts
    D:10: 840 daAuts
     D:2: 838 daAuts
  Lair:1: 836 daAuts
     D:9: 778 daAuts
  Lair:4: 733 daAuts
    D:11: 633 daAuts
     D:8: 630 daAuts
  Lair:3: 574 daAuts
     D:6: 543 daAuts
